 Dungeon Crawl Stone Soup version 0.24-a0-537-g2d01d4ab0a (webtiles) character file.

Game seed: 1781671337513289757

19798 Norm the Spear-Bearer (level 12, 0/128 HPs)
             Began as an Ogre Abyssal Knight on Aug 13, 2019.
             Was a High Priest of Lugonu.
             Slain by a wolf spider (5 damage)
             ... in a Gauntlet.
             The game lasted 01:12:58 (17595 turns).

Norm the Spear-Bearer (Ogre Abyssal Knight)        Turns: 17595, Time: 01:12:58

Health: 0/128      AC: -2    Str: 19    XL:     12   Next: 72%
Magic:  0/17       EV: 13    Int: 17    God:    Lugonu [*****.]
Gold:   761        SH: 11    Dex:  8    Spells: 13/15 levels left

rFire    + . .     SeeInvis .   o - +0 trident
rCold    + . .     Gourm    .   t - +0 shield
rNeg     . . .     Faith    .   a - +1 robe {rC+ rF+}
rPois    .         Spirit   .   (helmet restricted)
rElec    .         Reflect  .   I - +1 cloak
rCorr    .         Harm     .   (gloves unavailable)
MR       +....     NoTele   +   (boots unavailable)
Stlth    +.........             i - amulet of regeneration
HPRegen  0.71/turn              J - +2 ring of slaying
MPRegen  0.15/turn              A - +3 ring of evasion

@: corroded, very slightly contaminated
A: large, unfitting armour, tough skin 1
a: Depart the Abyss, Bend Space, Banish, Corrupt, Enter the Abyss, Renounce
Religion


You were in a Gauntlet.
You worshipped Lugonu.
Lugonu was extremely pleased with you.
You were hungry.

You visited 3 branches of the dungeon, and saw 14 of its levels.
You visited the Abyss 1 time.
You also visited: Gauntlet.

You collected 761 gold pieces.

Inventory:

Hand Weapons
 b - a +0 hunting sling
 o - a +0 trident (weapon)
 R - a +3 halberd
 X - the +1 scimitar of Voublirgh {drain, Int+5, unknown}
   (You found it on level 8 of the Dungeon)

   A truly terrible weapon, it drains the life of those it strikes.
   It affects your intelligence (+5).
Missiles
 d - 74 sling bullets
 q - 34 poisoned darts (quivered)
 x - 6 throwing nets
 y - 7 javelins
 G - 146 arrows
Armour
 a - a +1 robe of resistance (worn)
 p - a +0 troll leather armour
 t - a +0 shield (worn)
 F - a +0 large shield
 I - a +1 cloak (worn)
 T - a +0 robe of magic resistance
Magical Staves
 B - an uncursed staff of death
 W - an uncursed staff of fire
Jewellery
 f - a +3 ring of intelligence
 i - an amulet of regeneration (around neck)
 z - an uncursed ring of stealth
 A - a +3 ring of evasion (right hand)
 C - an uncursed amulet of the acrobat
 J - a +2 ring of slaying (left hand)
 K - a +4 ring of strength
 N - an uncursed ring of see invisible
Wands
 k - a wand of disintegration (9)
 L - a wand of iceblast (1)
 P - a wand of scattershot (5)
 Z - a wand of digging (6)
Scrolls
 e - 4 scrolls of amnesia
 g - 10 scrolls of teleportation
 m - 2 scrolls of noise
 n - 7 scrolls of remove curse
 w - 2 scrolls of enchant weapon
 S - a scroll of fear {unknown}
Potions
 h - 3 potions of agility
 j - a potion of mutation
 l - a potion of invisibility {unknown}
 r - a potion of might
 s - a potion of brilliance
 u - 2 potions of haste
 v - a potion of heal wounds {unknown}
 D - 4 potions of lignification
 E - 2 potions of flight {unknown}
 H - 3 potions of curing
 M - a potion of magic {unknown}
 O - a potion of berserk rage {unknown}
 Q - a potion of resistance {unknown}
 V - 2 potions of cancellation {unknown}
 Y - 2 potions of ambrosia {unknown}
Miscellaneous
 U - a box of beasts
Comestibles
 c - 27 rations


   Skills:
 + Level 10.7 Fighting
 - Level 14.0 Polearms
 - Level 2.1 Dodging
 * Level 9.9 Shields
 - Level 2.4 Spellcasting
 - Level 2.0 Transmutations
 - Level 7.0 Invocations


You had 13 spell levels left.
You knew the following spells:

 Your Spells              Type           Power        Failure   Level  Hunger
a - Sticks to Snakes      Tmut           #.......     12%         2    ##.....

Your spell library contained the following spells:

 Spells                   Type           Power        Failure   Level  Hunger
 Beastly Appendage        Tmut           #.....       9%          1    #......
 Animate Skeleton         Necr           N/A          19%         1    #......
 Apportation              Tloc           #.....       19%         1    #......
 Confusing Touch          Hex            #.....       19%         1    #......
 Summon Small Mammal      Summ           #...         19%         1    #......
 Spider Form              Tmut/Pois      #.........   36%         3    ###....
 Confuse                  Hex            #.......     50%         3    ###....
 Gell's Gravitas          Tloc           #.........   50%         3    ###....
 Ice Form                 Ice/Tmut       #.......     77%         4    #####..
 Petrify                  Tmut/Erth      #.......     77%         4    #####..
 Blade Hands              Tmut           #.........   92%         5    ######.
 Yara's Violent Unravell  Hex/Tmut       #.........   98%         5    ######.
 Metabolic Englaciation   Hex/Ice        #.........   99%         5    ######.


Dungeon Overview and Level Annotations

Branches:
Dungeon (11/15)            Temple (1/1) D:5            Lair (2/6) D:11
    Orc (0/2) D:10
  Swamp: Lair:2-4    Shoals: Lair:2-4     Snake: Lair:2-4    Spider: Lair:2-4

Altars:
Dithmenos
Fedhas
Okawaru
Qazlal
Wu Jian
Xom
Yredelemnul

Annotations:
Lair:1 exclusion: oklob plant Gauntlet 13 transporters, 16 runed translucent doors, exclusion: obsidian statue


Innate Abilities, Weirdness & Mutations

You are too large for most types of armour.
You have tough skin. (AC +1)


Message History

You feel very sick. The wolf spider closely misses you.
You block the wolf spider's attack.
Your ball python barely misses the wolf spider.
Your ball python grabs the wolf spider.
Your ball python constricts the wolf spider.
You feel better. The wolf spider hits you.
* * * LOW HITPOINT WARNING * * *
The wolf spider misses you.
Your ball python bites the wolf spider.
Your ball python constricts the wolf spider.
The wolf spider hits you!
* * * LOW HITPOINT WARNING * * *
You block the wolf spider's attack.
Your ball python bites the wolf spider but does no damage.
Your ball python constricts the wolf spider.
You puncture the wolf spider!
The wolf spider is lightly wounded.
The wolf spider hits you!!
* * * LOW HITPOINT WARNING * * *
The wolf spider bites you.
You die...

############################
###≈..........................
#8#...........................
###.###########.###########.##
#.#..![©.)..#.##^#)©.!^##.#.
###.#.........#.#P#[#8^#..#.#^
#8#.#..#+++#§.#.##..####.##.#.
###.#++#...#Ss#.##.###....#.#.
#.#..+...†.@#.####©.#####.#.
###.#..+...'..#.#.P..#..^##.#.
#8#.#++#+#'#++#.#^.##.^#.##.#.
###.#.^+...+^.#.####.#..###.#^
#.#..+.©.+..#.##..##.#..#.#.
###§##########################
#8#§§...#©...........©........
###§§...#############.########
####..............#.#≈§8≈≈#©


You could see a wolf spider and a friendly ball python.

Vanquished Creatures
  Gastronok (Lair:1)
  Harold (Lair:1)
  2 two-headed ogres (D:8)
  A sixfirhy (Gauntlet)
  An unseen horror (D:11)
  Pikel (D:7)
  An ugly thing (D:11)
  A spiny frog (Lair:1)
  A gargoyle (D:8)
  2 komodo dragons
  A rime drake (Lair:1)
  An ice devil (Gauntlet)
  6 trolls
  3 blink frogs (Lair:1)
  4 hippogriffs
  11 yaks
  A spriggan (D:7)
  A wyvern (D:10)
  A redback (Gauntlet)
  A steam dragon (D:10)
  A basilisk (Lair:1)
  5 water moccasins
  7 porcupines
  3 orc warriors
  An ice beast (D:11)
  3 sky beasts
  A black bear (D:8)
  A necrophage (D:10)
  An eye of draining (D:11)
  A phantom (D:8)
  6 ogres
  A wolf (D:11)
  7 centaurs
  3 crocodiles (Lair:1)
  10 bullfrogs
  4 big kobolds
  4 scorpions
  5 killer bees
  5 wights
  A jelly (D:11)
  2 electric eels (D:11)
  A centaur zombie (D:8)
  5 crimson imps
  A bullfrog zombie (D:8)
  A quasit (D:8)
  12 hounds
  A centaur skeleton (D:10)
  4 orc priests
  11 orc wizards
  A bullfrog skeleton (D:7)
  2 gnoll shamans
  6 worker ants
  A hound zombie (D:7)
  A hound skeleton (D:9)
  A worker ant zombie (D:5)
  15 gnolls
  A howler monkey skeleton (D:6)
  10 adders
  A shadow imp (D:8)
  2 white imps (Gauntlet)
  3 ufetubi (Gauntlet)
  An ooze (D:2)
  3 adder zombies
  2 adder skeletons
  A worm (D:3)
  4 dart slugs
  7 leopard geckos
  44 orcs
  2 giant cockroaches
  11 goblins
  9 hobgoblins
  7 jackals
  26 kobolds
  4 quokkas
  A ball python (D:3)
  8 bats
  5 frilled lizards
  A quokka skeleton (D:4)
  7 rats
337 creatures vanquished.

Vanquished Creatures (collateral kills)
  A two-headed ogre (D:9)
  A hippogriff (D:7)
  An ice beast (D:9)
  An ogre (D:4)
  A wight (D:7)
  A gnoll (D:6)
6 creatures vanquished.

Vanquished Creatures (others)
  An entropy weaver (Gauntlet)
  A hydra (Lair:1)
  A wight (D:10)
3 creatures vanquished.

Grand Total: 346 creatures vanquished

Notes
Turn   | Place    | Note
-------+----------+-------------------------------------------
     0 | Abyss:1  | Norm the Ogre Abyssal Knight began the quest for the Orb.
     0 | Abyss:1  | Reached XP level 1. HP: 24/24 MP: 2/2
    15 | Abyss:1  | Found a snail-covered altar of Cheibriados.
    86 | Abyss:1  | Noticed a large abomination
    90 | D:1      | Escaped the Abyss
   150 | D:1      | Reached XP level 2. HP: 29/32 MP: 3/3
   776 | D:1      | Reached skill level 3 in Polearms
   776 | D:1      | Reached XP level 3. HP: 39/39 MP: 4/4
  1037 | D:2      | Reached ** piety under Lugonu
  1441 | D:2      | Reached XP level 4. HP: 46/48 MP: 6/6
  1801 | D:3      | Reached skill level 4 in Polearms
  2203 | D:3      | Reached XP level 5. HP: 47/54 MP: 7/7
  2315 | D:3      | Reached *** piety under Lugonu
  2949 | D:4      | Noticed an ogre
  2992 | D:4      | Killed an ogre
  2992 | D:4      | Reached skill level 5 in Polearms
  2992 | D:4      | Reached XP level 6. HP: 12/62 MP: 7/9
  3726 | D:4      | Found a blossoming altar of Fedhas.
  3874 | D:5      | Entered Level 5 of the Dungeon
  4120 | D:5      | Reached skill level 6 in Polearms
  4427 | D:4      | Reached XP level 7. HP: 21/70 MP: 10/10
  4695 | D:5      | Reached skill level 5 in Invocations
  5357 | D:5      | Found a staircase to the Ecumenical Temple.
  5453 | D:5      | Reached **** piety under Lugonu
  5453 | D:5      | Reached skill level 7 in Polearms
  5691 | Temple   | Entered the Ecumenical Temple
  5887 | D:5      | Reached XP level 8. HP: 68/78 MP: 12/12
  5949 | D:5      | Learned a level 2 spell: Sticks to Snakes
  6692 | D:6      | Reached skill level 1 in Transmutations
  6897 | D:5      | Reached skill level 8 in Polearms
  8115 | D:7      | Reached skill level 1 in Spellcasting
  8121 | D:7      | Noticed a hippogriff
  8139 | D:7      | Killed a hippogriff
  8318 | D:7      | Noticed a hippogriff
  8338 | D:7      | Killed a hippogriff
  8338 | D:7      | Reached skill level 9 in Polearms
  8338 | D:7      | Reached XP level 9. HP: 69/84 MP: 8/14
  8522 | D:7      | Noticed Pikel
  8734 | D:7      | Reached skill level 10 in Polearms
  8919 | D:7      | Killed Pikel
  9187 | D:8      | Noticed a two-headed ogre
  9204 | D:8      | Killed a two-headed ogre
  9204 | D:8      | Reached skill level 11 in Polearms
  9303 | D:8      | Noticed a gargoyle
  9319 | D:8      | Killed a gargoyle
  9319 | D:8      | Reached skill level 12 in Polearms
  9319 | D:8      | Reached XP level 10. HP: 85/92 MP: 5/15
  9808 | D:8      | Noticed a two-headed ogre
  9817 | D:8      | Killed a two-headed ogre
  9953 | D:8      | Found the +2 Maxwell's thermic engine {flame, freeze}
  9957 | D:8      | Reached skill level 13 in Polearms
 10008 | D:8      | Got a fine scimitar
 10109 | D:8      | Reached ***** piety under Lugonu
 10644 | D:9      | Noticed a two-headed ogre
 10655 | D:9      | Killed a two-headed ogre
 11196 | D:9      | Reached skill level 14 in Polearms
 11384 | D:9      | Found an iron altar of Okawaru.
 11540 | D:9      | Reached skill level 1 in Shields
 11687 | D:9      | Reached XP level 11. HP: 56/101 MP: 16/16
 11934 | D:10     | Entered Level 10 of the Dungeon
 12298 | D:10     | Reached skill level 5 in Fighting
 12929 | D:10     | Found a staircase to the Orcish Mines.
 13539 | D:11     | Reached skill level 5 in Shields
 13605 | D:11     | Noticed a cyan ugly thing
 13618 | D:11     | Killed a cyan ugly thing
 14141 | D:11     | Reached ****** piety under Lugonu
 14541 | D:11     | Found a staircase to the Lair.
 14844 | D:11     | Killed an unseen horror
 15079 | Lair:1   | Entered Level 1 of the Lair of Beasts
 15553 | Lair:1   | Noticed Gastronok
 15590 | Lair:1   | Killed Gastronok
 15590 | Lair:1   | Reached XP level 12. HP: 25/121 MP: 5/17
 16195 | Lair:1   | Noticed Harold
 16245 | Lair:1   | Killed Harold
 16245 | Lair:1   | Reached skill level 10 in Fighting
 16360 | Lair:1   | Noticed a five-headed hydra
 16368 | Lair:1   | Banished a five-headed hydra
 17097 | Lair:2   | Found a gate leading to a gauntlet.
 17107 | Gauntlet | Entered a Gauntlet
 17107 | Gauntlet | Found a transporter.
 17117 | Gauntlet | Found a transporter.
 17119 | Gauntlet | Found a transporter.
 17121 | Gauntlet | Found a transporter.
 17143 | Gauntlet | Found a transporter.
 17152 | Gauntlet | Found a transporter.
 17156 | Gauntlet | Found a large runed translucent door.
 17156 | Gauntlet | Found a large runed translucent door.
 17158 | Gauntlet | Found a large runed translucent door.
 17158 | Gauntlet | Found a large runed translucent door.
 17158 | Gauntlet | Found a large runed translucent door.
 17159 | Gauntlet | Found a runed translucent door.
 17160 | Gauntlet | Found a transporter.
 17161 | Gauntlet | Found a runed translucent door.
 17162 | Gauntlet | Found a large runed translucent door.
 17162 | Gauntlet | Found a large runed translucent door.
 17162 | Gauntlet | Found a large runed translucent door.
 17163 | Gauntlet | Found a large runed translucent door.
 17164 | Gauntlet | Found a large runed translucent door.
 17170 | Gauntlet | Found a large runed translucent door.
 17170 | Gauntlet | Found a large runed translucent door.
 17171 | Gauntlet | Found a large runed translucent door.
 17171 | Gauntlet | Found a large runed translucent door.
 17171 | Gauntlet | Found a large runed translucent door.
 17173 | Gauntlet | Found a runed translucent gate.
 17173 | Gauntlet | Found a runed translucent gate.
 17173 | Gauntlet | Found a runed translucent gate.
 17174 | Gauntlet | Noticed an entropy weaver
 17175 | Gauntlet | Found a transporter.
 17186 | Gauntlet | Found a large runed translucent door.
 17194 | Gauntlet | Found a transporter.
 17204 | Gauntlet | Noticed a wretched star
 17206 | Gauntlet | Found a transporter.
 17217 | Gauntlet | Noticed a cacodemon
 17218 | Gauntlet | Found a transporter.
 17230 | Gauntlet | Found a transporter.
 17242 | Gauntlet | Found a transporter.
 17259 | Gauntlet | Found a transporter.
 17276 | Gauntlet | Found a transporter.
 17278 | Gauntlet | Found a transporter.
 17314 | Gauntlet | Found a transporter.
 17314 | Gauntlet | Found a transporter.
 17591 | Gauntlet | Banished an entropy weaver
 17595 | Gauntlet | HP: 5/128 [wolf spider (19)]
 17595 | Gauntlet | Slain by a wolf spider

Levels and vault maps discovered:
D:1:      dpeg_arrival_castle, layout_loops_corners
D:2:      layout_rooms
D:3:      layout_rooms, first_ration
D:4:      layout_basic, fedhas_ov_isle_minmay
D:5:      layout_basic, minmay_temple_entry_slanted, feat_on_display
D:6:      layout_layer_cave
D:7:      layout_cave_pools, minmay_misc_feat_diagonals, the_bakery,
          kennysheep_generic_room_4, uniq_pikel
D:8:      minmay_cut_squares, layout_basic
D:9:      layout_long_grid, okawaru_altar_gauntlet_db,
          minmay_fractal_squares_gapless_5
D:10:     layout_gridville, hiddenorc2_lemuel
D:11:     layout_basic, erik_lair_island
Temple:   compressed_dpeg_circular_temple
Lair:1:   layout_chaotic_city, st_stairs_13, eino_small_chamber_without_monster,
          minivault_24, minmay_lair_oklob_chamber, uniq_gastronok, uniq_harold
Lair:2:   layout_hall_layers, minmay_snake_entry_guardpost_large,
          ebering_ghost_xom, gauntlet_entry_generic
Gauntlet: gammafunk_gauntlet_one_two_three [gammafunk_gauntlet_arena_corners,
          gammafunk_gauntlet_arena_split_x, gammafunk_gauntlet_arena_crates,
          minmay_gauntlet_arena_make_your_own_arena,
          gammafunk_gauntlet_arena_mazey, gammafunk_gauntlet_arena_hedges,
          nicolae_gauntlet_arena_grate_2,
          gammafunk_gauntlet_arena_split_diamond, gammafunk_gauntlet_arena_grid,
          gauntlet_exit_hidden_loot]

Skill      XL: |  1  2  3  4  5  6  7  8  9 10 11 12 |
---------------+-------------------------------------+-----
Polearms       | 3 4 5 6 7 9 12 14 | 14.0
Invocations    | 3 4 5 7 |  7.0
Transmutations | 2 |  2.0
Spellcasting   | 2 |  2.4
Shields        | 1 7 9 |  9.9
Fighting       | 8 10 | 10.7
Dodging        | |  2.1

Action                   |  1- 3 |  4- 6 |  7- 9 | 10-12 || total
-------------------------+-------+-------+-------+-------++-------
Melee: Spear             |   114 |   253 |   430 |    13 ||   810
       Halberd           |       |       |    70 |   591 ||   661
       Trident           |       |       |       |   317 ||   317
Throw: Dart              |       |     8 |     3 |     1 ||    12
       Javelin           |       |       |       |     1 ||     1
 Cast: Sticks to Snakes  |       |       |    26 |    94 ||   120
Invok: Bend Space        |       |       |       |     1 ||     1
       Banish            |       |       |       |     4 ||     4
Evoke: Wand              |       |     2 |     1 |     7 ||    10
  Use: Scroll            |       |     8 |     1 |    12 ||    21
       Potion            |       |       |       |     1 ||     1
 Stab: Sleeping          |       |       |     3 |       ||     3
       Distracted        |       |       |     1 |     3 ||     4
  Eat: Chunk             |     2 |     9 |    15 |    25 ||    51
       Ration            |       |       |     1 |     3 ||     4
Armor: Robe              |    17 |    45 |    42 |    44 ||   148
       Troll leather arm |       |       |       |   140 ||   140
Dodge: Dodged            |    53 |   100 |   190 |   423 ||   766
Block: Shield            |       |     9 |       |    78 ||    87

Table legend:
 A = Non-vault XP
 B = Vault XP
 C = Vault XP percentage of total XP
 D = Non-vault monster count
 E = Vault monster count
 F = Vault count percentage of total count
                 A         B        C        D         E       F
            +---------+---------+-------+---------+---------+-------
      Total |   18971 |    9313 |  32.9 |     274 |      72 |  20.8
            +---------+---------+-------+---------+---------+-------
        D:1 |      42 |       0 |   0.0 |      22 |       0 |   0.0
        D:2 |      69 |       0 |   0.0 |      21 |       0 |   0.0
        D:3 |      92 |       0 |   0.0 |      26 |       0 |   0.0
        D:4 |     291 |       0 |   0.0 |       9 |       0 |   0.0
        D:5 |     880 |       0 |   0.0 |      26 |       0 |   0.0
        D:6 |     552 |       0 |   0.0 |      16 |       0 |   0.0
        D:7 |    1145 |     763 |  40.0 |      17 |       3 |  15.0
        D:8 |    1793 |    1635 |  47.7 |      25 |       8 |  24.2
        D:9 |    2279 |     228 |   9.1 |      19 |       9 |  32.1
       D:10 |    1682 |     540 |  24.3 |      21 |      31 |  59.6
       D:11 |    4396 |     706 |  13.8 |      43 |       9 |  17.3
     Temple |      43 |       0 |   0.0 |       1 |       0 |   0.0
     Lair:1 |    5058 |    3439 |  40.5 |      25 |       3 |  10.7
     Lair:2 |     649 |       0 |   0.0 |       3 |       0 |   0.0
   Gauntlet |       0 |    2002 | 100.0 |       0 |       9 | 100.0
            +---------+---------+-------+---------+---------+-------
